 Dungeon Crawl Stone Soup version 0.29.1-15-g9cfb28693d (webtiles) character file.

Game seed: 7264921940547927072

99 Heoruswealwe the Magician (level 4, -14/24 HPs)
             Began as a Deep Elf Earth Elementalist on Apr 25, 2023.
             Demolished by a mummy (18 damage)
             ... in an ossuary.
             The game lasted 00:09:56 (1081 turns).

Heoruswealwe the Magician (DEEE)                    Turns: 1081, Time: 00:09:56

Health: -14/24     AC:  4    Str:  5    XL:     4   Next: 45%
Magic:  3/13       EV: 12    Int: 22    God:
Gold:   76         SH:  0    Dex: 15    Spells: 7/13 levels left

rFire   . . .      SeeInvis .   (no weapon)
rCold   . . .      Faith    .   (no shield)
rNeg    . . .      Spirit   .   c - +0 robe
rPois   .          Reflect  .   g - +1 helmet
rElec   .          Harm     .   (no cloak)
rCorr   .          Rampage  .   (no gloves)
Will    .....                   (no boots)
Stlth   ++........              (no amulet)
HPRegen 0.08/turn               (no ring)
MPRegen 0.13/turn               (no ring)

@: no status effects
A: no striking features
a: no special abilities


You were in an ossuary.
You visited 1 branch of the dungeon, and saw 3 of its levels.
You also visited: Ossuary.

You collected 76 gold pieces.

Inventory:

Armour
 c - a +0 robe (worn)
 g - a +1 helmet (worn)
Scrolls
 a - a scroll of brand weapon {unknown}
 e - a scroll of identify {unknown}
Potions
 b - a potion of magic
 d - a potion of cancellation
 f - a potion of mutation {unknown}


   Skills:
 - Level 2.4 Dodging
 - Level 2.4 Stealth
 + Level 5.0 Spellcasting
 - Level 1.1 Transmutations
 + Level 4.7 Earth Magic


You had 7 spell levels left.
You knew the following spells:

 Your Spells              Type           Power      Damage    Failure   Level
a - Sandblast             Erth           52%        2d12      1%          1
b - Stone Arrow           Conj/Erth      30%        3d8       12%         3
z - Passwall              Tmut/Erth      15%        N/A       4%          2

Your spell library contained the following spells:

 Spells                   Type           Power      Damage    Failure   Level
 Blink                    Tloc           10%        N/A       16%         2
 Lesser Beckoning         Tloc           5%         N/A       30%         3
 Petrify                  Tmut/Erth      18%        N/A       30%         4
 Manifold Assault         Tloc           5%         N/A       95%         5


Dungeon Overview and Level Annotations

Branches:
Dungeon (4/15)            Ossuary (1/1)
 Temple: D:4-7

Altars:


Message History

The centaur zombie is heavily damaged.
The centaur zombie hits you. The centaur zombie kicks you.
The centaur zombie closely misses you. The centaur zombie kicks you.
You are too injured to fight recklessly!
Casting: Sandblast (safe; 1% risk of failure)
Confirm with . or Enter, or press ? or * to list all spells.
Aiming: Sandblast (safe; 1% risk of failure)
Press: ? - help, Shift-Dir - straight line, f/p - centaur zombie
Aim: a centaur zombie (heavily damaged, 100% to hit)
The blast of sand hits the centaur zombie!
The centaur zombie is almost destroyed.
The centaur zombie hits you. The centaur zombie kicks you.
The centaur zombie hits you.
* * * LOW HITPOINT WARNING * * *
The centaur zombie kicks you.
* * * LOW HITPOINT WARNING * * *
Casting: Sandblast (safe; 1% risk of failure)
Confirm with . or Enter, or press ? or * to list all spells.
Aiming: Sandblast (safe; 1% risk of failure)
Press: ? - help, Shift-Dir - straight line, f/p - centaur zombie
Aim: a centaur zombie (almost destroyed, 100% to hit)
The blast of sand hits the centaur zombie!
You destroy the centaur zombie!
Your Spellcasting skill increases to level 5!
Casting: Sandblast (safe; 1% risk of failure)
Confirm with . or Enter, or press ? or * to list all spells.
Aiming: Sandblast (safe; 1% risk of failure)
Press: ? - help, Shift-Dir - straight line, f - mummy
Aim: a mummy (92% to hit)
The blast of sand hits the mummy!
The mummy is moderately damaged.
The mummy drops a net on you.
You become entangled in the net!
You struggle against the net.
You tear a large gash into the net.
You struggle against the net.
You rip the net and break free!
The mummy fails to trigger a net trap.
It was a potion of cancellation.
You feel magically purged. The mummy barely misses you. The mummy hits you!!
Ouch! That really hurt!
You die...

.^^..##
^..^..#
^^...##
.^....#
.^...##
......#
##.....##
#@M.....#
##M.^^^##
#^M.^.#
#.....#
#..∩..#
#.....#
#..∩..#
#.....#
#.....#


You could see 3 mummies.

Vanquished Creatures
  2 centaur zombies (Ossuary)
  An iguana (D:4)
  An orc (D:4)
  3 ball pythons (D:1)
  An endoplasm (D:1)
  2 hobgoblins (D:1)
  2 bats
  A frilled lizard (D:1)
13 creatures vanquished.

Notes
Turn   | Place    | Note
-------+----------+-------------------------------------------
     0 | D:1      | Heoruswealwe the Deep Elf Earth Elementalist began the
                  | quest for the Orb.
     0 | D:1      | Reached XP level 1. HP: 10/10 MP: 6/6
   638 | D:1      | Reached XP level 2. HP: 15/15 MP: 6/8
   641 | D:1      | Learned a level 2 spell: Passwall
   966 | D:2      | You fall into a shaft and drop 2 floors!
  1002 | D:4      | Reached skill level 4 in Spellcasting
  1002 | D:4      | Reached XP level 3. HP: 9/19 MP: 2/10
  1006 | D:4      | Learned a level 3 spell: Stone Arrow
  1059 | D:4      | Found a sand-covered staircase.
  1067 | Ossuary  | Entered an ossuary
  1072 | Ossuary  | Reached XP level 4. HP: 17/24 MP: 6/12
  1076 | Ossuary  | Reached skill level 5 in Spellcasting
  1081 | Ossuary  | Demolished by a mummy

Illustrated notes

Levels and vault maps discovered:
D:1:      minmay_arrival_doors, layout_basic
D:2:      layout_loops_corners, minmay_hexomino_f4, uniq_jessica
D:4:      layout_basic, chequers_ossuary_entry_cave
Ossuary:  ossuary_the_hunt_dpeg

Skill      XL: |  1  2  3  4 |
---------------+-------------+-----
Spellcasting   | 4 5 |  5.0
Earth Magic    | 4 |  4.7
Dodging        | |  2.4
Stealth        | |  2.4
Transmutations | |  1.1

Action                   |  1- 3 |  4- 6 || total
-------------------------+-------+-------++-------
 Cast: Sandblast         |    22 |     5 ||    27
       Passwall          |     1 |       ||     1
  Use: Potion            |       |     1 ||     1
Armor: Robe              |     3 |     2 ||     5
Dodge: Dodged            |     6 |     4 ||    10
